 Dungeon Crawl Stone Soup version 0.20-a0-876-g2c7b0bf (webtiles) character file.

48 4thArraOfDagon the Skirmisher (level 3, -1/33 HPs)
             Began as a Demigod Wanderer on Mar 15, 2017.
             Slain by a black bear (2 damage)
             ... on level 6 of the Dungeon.
             The game lasted 00:04:08 (965 turns).

4thArraOfDagon the Skirmisher (Demigod Wanderer)     Turns: 965, Time: 00:04:09

Health: -1/33      AC:  0    Str: 15    XL:     3   Next: 30%
Magic:  6/6        EV: 17    Int: 20    God:
Gold:   117        SH:  0    Dex: 18    Spells: 2/2 levels left

rFire    . . .     SeeInvis .   (weapon currently unavailable)
rCold    . . .     Gourm    .   (armour currently unavailable)
rNeg     . . .     Faith    .   (shield currently unavailable)
rPois    .         Spirit   .   (helmet currently unavailable)
rElec    .         Reflect  .   (cloak currently unavailable)
rCorr    .         Harm     .   (gloves currently unavailable)
MR       .....                  (boots currently unavailable)
Stlth    ++........             (no amulet)
Regen    0.2/turn               (ring currently unavailable)
MPRegen  0.1/turn               (ring currently unavailable)

@: bat-form, flying, very quick
A: high mp 1
a: no special abilities


You were on level 6 of the Dungeon.
You were not hungry.
You were in bat-form.
You visited 1 branch of the dungeon, and saw 6 of its levels.

You collected 117 gold pieces.

Inventory:

Hand Weapons
 d - a +0 club (melded)
Armour
 a - a +2 scale mail (melded)
 e - a +0 scale mail of positive energy
Wands
 b - a wand of polymorph (13/24)
Scrolls
 c - a scroll of identify
 g - 2 scrolls of magic mapping {unknown}
 h - a scroll of fog {unknown}
 i - a scroll of fear {unknown}
 k - a scroll of enchant weapon
 l - a scroll of random uselessness
 n - a scroll of recharging
 o - a scroll of remove curse
Potions
 j - a potion of curing
 m - a potion of heal wounds
 p - a potion of degeneration
Comestibles
 f - a bread ration


   Skills:
 + Level 3.6 Fighting
 * Level 2.5 Maces & Flails
 - Level 3.2 Armour
 - Level 1.0 Stealth
 - Level 1.0 Evocations


You had 2 spell levels left.
You didn't know any spells.

Dungeon Overview and Level Annotations

Branches:
Dungeon (6/15)
 Temple: D:4-7

Annotations:
D:4 Grinder
D:5 Pikel
D:6 exclusion: door


Innate Abilities, Weirdness & Mutations

You have an increased reservoir of magic. (+10% MP)


Message History

That beam is likely to hit you.
Continue anyway?
You turn into a bat.
Your +0 club melds into your body.
Your +2 scale mail melds into your body.
This wand has 13 charges left.
The black bear misses you. x2
The black bear claws you.
Unknown command.
Unknown command.
Evoke which item? (* to show all) (? for menu, Esc to quit)
You have no means to grasp a wand firmly enough.
The water moccasin barely misses you.
Unknown command.
You barely miss the water moccasin. The water moccasin barely misses you.
The black bear barely misses you. The black bear claws you. x2
You barely miss the water moccasin. The water moccasin closely misses you.
The black bear bites you!
* * * LOW HITPOINT WARNING * * *
The black bear claws you.
* * * LOW HITPOINT WARNING * * *
The black bear claws you.
You die...

.####
#....##.###.###.#
.#
#######al.......#
### #####.#####
..# #a# #.## #l#
...# #5# ...# #.#
.#+##### ####a#
#......# #bh5l#
.......# #S####
.......# ....
.......# #....#.
#......# #....#..
#......# ######
.. #......# ..#
+....### ##
####'#####


You could see a water moccasin, a black bear, an iguana, a worker ant and a
shadow imp.

Vanquished Creatures
  A worker ant (D:4)
  A howler monkey zombie (D:5)
  A dart slug (D:1)
  3 bats
  3 giant cockroaches
  A jackal (D:2)
  A quokka (D:2)
  A kobold (D:1)
12 creatures vanquished.

Notes
Turn   | Place    | Note
-------+----------+-------------------------------------------
     0 | D:1      | 4thArraOfDagon the Demigod Wanderer began the quest for the Orb.
     0 | D:1      | 4thArraOfDagon set off with: a +2 scale mail, a scroll of teleportation, a potion of curing, a +0 club, a bread ration
     0 | D:1      | Reached XP level 1. HP: 19/19 MP: 3/3
   178 | D:2      | Reached XP level 2. HP: 14/26 MP: 5/5
   585 | D:4      | Reached XP level 3. HP: 31/31 MP: 6/6
   645 | D:5      | Entered Level 5 of the Dungeon
   649 | D:5      | Noticed a slave
   649 | D:5      | Noticed a slave
   650 | D:5      | Noticed Pikel
   652 | D:5      | Noticed a slave
   724 | D:6      | Noticed a black bear
   863 | D:4      | Found a white marble altar of Elyvilon.
   875 | D:4      | Noticed Grinder
   951 | D:6      | Noticed a black bear
   961 | D:6      | Noticed a water moccasin
   965 | D:6      | HP: 1/33 [black bear (5)]
   965 | D:6      | Slain by a black bear

Vault maps used:
D:1:      lightli_arrival_statuegarden, minmay_quantized
D:2:      uniq_crazy_yiuf_cottage
D:3:      first_bread, minmay_goblin_kobold_house
D:4:      old_standard_altar, yredelemnul_forgotten_temple_becter,
          minmay_temple_entry_enclosed_plants, serial_co_window_serial,
          co_window_paths_a, co_window_paths_a, co_window_paths_b,
          co_window_paths_a, co_window_paths_b, co_window_of_opportunity_b,
          co_window_of_opportunity_c, co_window_cross_3, co_window_corner_b,
          co_window_sun, glass_columns_c, glass_columns_a, glass_columns_b,
          glass_columns_b, glass_columns_c, uniq_robin, uniq_grinder
D:5:      marbit_many_paths, nrook_pool_corridor, uniq_pikel
D:6:      black_bear_nest_1, serial_shops, shop_fountains

Skill      XL: |  1  2 |
---------------+-------+-----
Armour         | 3 |  3.2
Maces & Flails | 2 |  2.5
Fighting       | |  3.6
Stealth        | |  1.0
Evocations     | |  1.0

Action                   || total
-------------------------++-------
Melee: Club              ||    98
       Unarmed           ||     2
Evoke: Wand              ||     1
  Use: Potion            ||     3
       Scroll            ||     9
Armor: Scale mail        ||    32
       Skin              ||    32
Dodge: Dodged            ||    72
